 Dungeon Crawl Stone Soup version 0.20.0-6-gd3061e9 (webtiles) character file.

44061 inmateoo the Severer (level 13, -12/118 HPs)
             Began as a Minotaur Fighter on May 28, 2017.
             Was the Champion of Okawaru.
             Killed from afar by an eidolon (39 damage)
             ... with a bolt of negative energy
             ... while paralysed by a hornet
             ... on level 4 of the Abyss.
             The game lasted 00:28:23 (14275 turns).

inmateoo the Severer (Minotaur Fighter)            Turns: 14275, Time: 00:28:24

Health: -12/118    AC: 19    Str: 27    XL:     13   Next: 94%
Magic:  18/18      EV: -1    Int:  5    God:    Okawaru [******]
Gold:   81         SH:  0    Dex:  7    Spells: 12/12 levels left

rFire    + + .     SeeInvis +   O - +1 war axe (flame)
rCold    + . .     Gourm    +   c - +0 shield
rNeg     . . .     Faith    .   G - +5 ring mail "Laexij" {-Cast rElec rF+ SInv}
rPois    +         Spirit   .   (helmet restricted)
rElec    +         Reflect  .   D - scarf {repulsion}
rCorr    +         Harm     .   (no gloves)
MR       +....     Rnd*Tele +   N - +2 pair of boots {Fly} Stlth ..........NoCast +
                                r - amulet of the gourmand
Regen    0.3/turn               x - ring "Kiqetuir" {Wiz Slay+2}
MPRegen  0.2/turn               p - ring of protection from magic

@: paralysed, resistant, afraid, flying, constricted, drained, repel missiles
A: retaliatory headbutt, horns 2, yellow scales 2, blurry vision 1, clumsy 1,
poison resistance, shaggy fur 1, teleportitis 1, subdued magic 1
a: Heroism, Finesse, Renounce Religion, Stop Flying


You were on level 4 of the Abyss.
You worshipped Okawaru.
Okawaru was exalted by your worship.
You were not hungry.

You visited 1 branch of the dungeon, and saw 15 of its levels.
You visited the Abyss 1 time.

You collected 963 gold pieces.
You spent 882 gold pieces at shops.

Inventory:

Hand Weapons
 g - a +0 broad axe
 O - a +1 war axe of flaming (weapon)
Missiles
 l - 7 javelins (quivered)
Armour
 c - a +0 shield (worn)
 d - the scarf "Cutaurab" {*Drain +Inv rN+ Slay+2}
   (You found it on level 14 of the Dungeon)

   It affects your accuracy and damage with ranged weapons and melee attacks
   (+2).
   It protects you from negative energy.
   It lets you turn invisible.
   It causes draining when unequipped.
 o - a +1 plate armour of magic resistance
 D - a scarf of repulsion (worn)
 G - the +5 ring mail "Laexij" (worn) {-Cast rElec rF+ SInv}
   (You found it on level 8 of the Dungeon)

   It protects you from fire.
   It insulates you from electricity.
   It lets you see invisible.
   It prevents spellcasting.
 N - a +2 pair of boots of flying (worn)
Jewellery
 p - a ring of protection from magic (right hand)
 r - an amulet of the gourmand (around neck)
 x - the ring "Kiqetuir" (left hand) {Wiz Slay+2}
   (You took it off a gnoll on level 5 of the Dungeon)

   [ring of wizardry]

   It improves your spell success rate.
   It affects your accuracy and damage with ranged weapons and melee attacks
   (+2).
 P - an uncursed ring of protection from cold
Wands
 y - a wand of paralysis (9/24)
 E - a wand of iceblast (6/15)
 F - a wand of enslavement (10/24)
 H - a wand of disintegration (13/24)
 K - a wand of flame (6/48)
 L - a wand of acid (7/15)
Scrolls
 k - 2 scrolls of magic mapping
 n - 7 scrolls of teleportation
 q - 5 scrolls of remove curse
 v - 3 scrolls of enchant weapon
 z - 3 scrolls of recharging
 A - a scroll of enchant armour
 C - 5 scrolls of identify
 J - 2 scrolls of amnesia
Potions
 e - 2 potions of flight
 h - a potion of heal wounds
 m - 2 potions of curing
 u - 4 potions of lignification
 w - 2 potions of brilliance
Books
 a - a book of the Sky

   Spells                             Type                      Level
   a - Summon Lightning Spire         Summoning/Air                4
   b - Silence                        Hexes/Air                    5
   c - Deflect Missiles               Charms/Air                   6
   d - Conjure Ball Lightning         Conjuration/Air              6
   e - Tornado                        Air                          9
 j - a book of Debilitation

   Spells                             Type                      Level
   a - Corona                         Hexes                        1
   b - Slow                           Hexes                        2
   c - Inner Flame                    Hexes/Fire                   3
   d - Portal Projectile              Hexes/Translocation          3
   e - Cause Fear                     Hexes                        4
   f - Leda's Liquefaction            Hexes/Earth                  4
 t - a book of Misfortune

   Spells                             Type                      Level
   a - Confusing Touch                Hexes                        1
   b - Confuse                        Hexes                        3
   c - Gell's Gravitas                Translocation                3
   d - Petrify                        Transmutation/Earth          4
   e - Metabolic Englaciation         Hexes/Ice                    5
   f - Yara's Violent Unravelling     Hexes/Transmutation          5
Comestibles
 f - 10 bread rations
 i - 5 fruits
 s - 6 meat rations
 B - 13 royal jellies


   Skills:
 + Level 12.0(11.1) Fighting
 * Level 15.5(14.5) Axes
 + Level 11.7(10.8) Armour
 + Level 9.2(8.4) Dodging
 + Level 11.8(11.0) Shields
 + Level 9.0(8.2) Invocations


You had 12 spell levels left.
You didn't know any spells.

Dungeon Overview and Level Annotations

Branches:
Dungeon (15/15)            Temple (0/1) D:7            Lair (0/6) D:9
    Orc (0/2) D:12         Vaults (0/5) D:13
 Depths: D:15

Altars:
Elyvilon
Fedhas
Makhleb
Okawaru
Qazlal
Sif Muna
Vehumet
Xom
Zin
The Shining One

Shops:
D:7 *   D:14 *

Annotations:
D:4 zkyp's ghost, amateur OgHu
D:7 2 transporters
D:8 Gastronok
D:15 Louise


Innate Abilities, Weirdness & Mutations

You reflexively headbutt those who attack you in melee.
You have a pair of horns on your head.
You are mostly covered in yellow scales. (AC +3)
Scrolls take you a little longer to read.
You are clumsy. (Dex -2)
Your system is resistant to poisons. (rPois)
You are covered in fur. (AC +1)
You are occasionally teleported next to monsters.
Your spells are a little easier to cast, but a little less powerful.


Message History

You hit the hornet but do no damage. You barely miss the eidolon.
You block the eidolon's attack. x2; The hornet stings you.
You suddenly lose the ability to move!
The hornet stings you but does no damage.
The tentacled monstrosity tentacle-slaps you but does no damage. x2
The tentacled monstrosity completely misses you.
The tentacled monstrosity grabs you.
* * * LOW HITPOINT WARNING * * *
The tentacled monstrosity constricts you.
The eidolon gestures.
The eidolon radiates an aura of fear!
You are terrified of the eidolon!
The hornet stings you but does no damage.
You feel a little less agile now.
The tentacled monstrosity tentacle-slaps you but does no damage. x3
* * * LOW HITPOINT WARNING * * *
The tentacled monstrosity constricts you!
The eidolon stares piercingly at you. The bolt of negative energy hits you!
You feel drained.
You die...

#.# #.#
.#..#..
.#..#..#....#
##.#....... #
###..##.#...#
....∩........
# ..
#≈≈≈≈≈≈≈###
#.# .#
≈≈≈≈≈≈≈≈≈.# .#
##≈≈≈≈≈≈W###..
.. ...≈≈≈.@y#
...#
...≈≈≈.X.#..
## #..≈≈≈..##
### ##.≈≈≈.##.
..# ##≈≈≈#
####.. ≈≈≈≈≈ .
. ### ≈≈#≈≈≈ #
.# .# #≈≈≈≈≈
#.. . . ###
####. ## #


You could see a tentacled monstrosity, an eidolon and a hornet.

Vanquished Creatures
  A kraken (Abyss:4)
  A tentacled starspawn (Abyss:4)
  Fannar (D:11)
  4 vault guards (D:13)
  4 hydras
  A death knight (D:14)
  Erica (D:11)
  A centaur warrior (D:13)
  An ogre mage (D:15)
  7 two-headed ogres
  Urug (D:11)
  A spatial maelstrom (Abyss:4)
  3 unseen horrors
  A shambling mangrove (Abyss:4)
  Pikel (D:7)
  A phantasmal warrior (D:14)
  A large abomination (Abyss:4)
  3 cyclopes
  A deep elf mage (D:13)
  8 ugly things
  A smoke demon (Abyss:4)
  2 kobold demonologists
  A gargoyle (D:13)
  A yaktaur (shapeshifter) (D:13)
  2 komodo dragons
  A freezing wraith (D:14)
  An ancient zyme (Abyss:4)
  An ice devil (Abyss:4)
  A troll (D:13)
  4 raiju (Abyss:4)
  6 hornets
  Prince Ribbit (D:5)
  A slime creature (D:13)
  7 hippogriffs
  Sigmund (D:5)
  A shadow (D:12)
  A ynoxinul (Abyss:4)
  8 yaks
  A wyvern (D:13)
  A wraith (D:14)
  2 vampire mosquitoes (D:15)
  Eustachio (D:4)
  3 hungry ghosts
  2 neqoxecs (Abyss:4)
  2 wargs (D:9)
  Edmund (D:5)
  2 water moccasins
  A soldier ant (D:11)
  A two-headed ogre zombie (D:12)
  An acid dragon (D:12)
  Duvessa (D:5)
  3 ice beasts
  4 orc warriors
  2 sky beasts
  A slave (D:7)
  A hornet zombie (D:13)
  5 phantoms
  4 ogres
  2 eyes of draining
  A necrophage (D:9)
  9 centaurs
  7 bullfrogs
  2 big kobolds (D:12)
  A gnoll sergeant (D:8)
  Dowan (D:5)
  6 scorpions
  A wyvern skeleton (D:12)
  A troll zombie (D:12)
  15 killer bees
  4 electric eels (D:9)
  11 wights
  3 howler monkeys (D:9)
  2 centaur zombies
  5 crimson imps
  Crazy Yiuf (D:6)
  10 orc priests
  3 bullfrog skeletons
  7 hounds
  3 jellies
  18 orc wizards
  7 centaur skeletons
  4 iguanas
  9 worker ants
  6 ogre zombies (D:12)
  Robin (D:4)
  A hound skeleton (D:6)
  A howler monkey zombie (D:9)
  2 worker ant zombies
  9 gnolls
  10 adders
  A howler monkey skeleton (D:4)
  3 shadow imps
  An ooze (D:5)
  2 adder skeletons (D:8)
  A worm (D:2)
  6 leopard geckos
  43 orcs
  9 bats
  7 giant cockroaches
  16 goblins
  11 hobgoblins
  11 jackals
  10 quokkas
  2 ball pythons (D:2)
  A ball python zombie (D:5)
  9 frilled lizards
  A goblin skeleton (D:12)
  4 goblin zombies (D:12)
  2 hobgoblin skeletons (D:12)
  3 hobgoblin zombies (D:12)
  A jackal skeleton (D:5)
  16 kobolds
  2 orc skeletons (D:12)
  13 orc zombies (D:12)
  A quokka skeleton (D:9)
  12 rats
  2 fungi (D:5)
  A starspawn tentacle (Abyss:4)
  3 tentacles (Abyss:4)
480 creatures vanquished.

Vanquished Creatures (others)
  A slave (D:7)
  A worker ant zombie (D:7)
  An adder (D:7)
  A starspawn tentacle (Abyss:4)
  12 tentacles (Abyss:4)
16 creatures vanquished.

Grand Total: 496 creatures vanquished

Notes
Turn   | Place    | Note
-------+----------+-------------------------------------------
     0 | D:1      | inmateoo the Minotaur Fighter began the quest for the Orb.
     0 | D:1      | Reached XP level 1. HP: 19/19 MP: 0/0
   104 | D:1      | Reached skill level 3 in Axes
   340 | D:1      | Reached XP level 2. HP: 27/27 MP: 1/1
   705 | D:2      | Reached XP level 3. HP: 32/33 MP: 2/2
  1068 | D:2      | Reached skill level 4 in Axes
  1102 | D:2      | Found a white marble altar of Elyvilon.
  1104 | D:2      | Found a glowing silver altar of Zin.
  1104 | D:2      | Found a shimmering altar of Xom.
  1105 | D:2      | Found a burning altar of Makhleb.
  1107 | D:2      | Found an iron altar of Okawaru.
  1112 | D:2      | Became a worshipper of Warmaster Okawaru
  1223 | D:2      | Reached XP level 4. HP: 40/40 MP: 3/3
  1892 | D:3      | Reached XP level 5. HP: 47/47 MP: 4/4
  2234 | D:4      | Reached skill level 5 in Axes
  2468 | D:4      | Noticed Robin
  2474 | D:4      | Noticed zkyp's ghost (amateur OgHu)
  2493 | D:4      | Killed Robin
  2493 | D:4      | Reached * piety under Okawaru
  2493 | D:4      | Reached XP level 6. HP: 43/55 MP: 5/5
  2644 | D:4      | Reached skill level 5 in Fighting
  2644 | D:4      | Reached skill level 5 in Armour
  2701 | D:4      | Noticed Eustachio
  2722 | D:4      | Killed Eustachio
  2722 | D:4      | Reached skill level 6 in Axes
  2722 | D:4      | Reached skill level 5 in Shields
  2770 | D:4      | Reached XP level 7. HP: 56/61 MP: 6/6
  2933 | D:5      | Entered Level 5 of the Dungeon
  3168 | D:5      | Reached ** piety under Okawaru
  3308 | D:5      | Noticed Duvessa
  3325 | D:5      | Killed Duvessa
  3325 | D:5      | Reached skill level 7 in Axes
  3326 | D:5      | Noticed Dowan
  3329 | D:5      | Killed Dowan
  3418 | D:5      | Reached XP level 8. HP: 61/70 MP: 7/7
  3582 | D:5      | Noticed Edmund
  3591 | D:5      | Killed Edmund
  3591 | D:5      | Reached skill level 1 in Invocations
  3692 | D:5      | Got a vibrating pewter ring
  3696 | D:5      | Identified the ring "Kiqetuir" {Wiz Slay+2} (You took it off a gnoll on level 5 of the Dungeon)
  3713 | D:5      | Noticed Prince Ribbit
  3720 | D:5      | Killed Prince Ribbit
  3720 | D:5      | Reached skill level 8 in Axes
  3816 | D:5      | Noticed Sigmund
  3823 | D:5      | Killed Sigmund
  3823 | D:5      | Reached *** piety under Okawaru
  4307 | D:6      | Found a radiant altar of Vehumet.
  4379 | D:6      | Found a runed door.
  4467 | D:6      | Noticed a hippogriff
  4473 | D:6      | Killed a hippogriff
  4702 | D:6      | Reached XP level 9. HP: 79/79 MP: 9/9
  4703 | D:6      | Reached skill level 9 in Axes
  4877 | D:6      | Noticed Crazy Yiuf
  4883 | D:6      | Killed Crazy Yiuf
  4993 | D:7      | Noticed Pikel
  5013 | D:7      | Killed Pikel
  5013 | D:7      | Reached skill level 1 in Dodging
  5107 | D:7      | Reached **** piety under Okawaru
  5397 | D:7      | Found Oshruok's General Store.
  5401 | D:7      | Bought a scarf of repulsion for 144 gold pieces
  5401 | D:7      | Bought a potion of curing for 36 gold pieces
  5401 | D:7      | Bought a potion of flight for 36 gold pieces
  5432 | D:7      | Found a transporter.
  5446 | D:7      | Found a transporter.
  5446 | D:7      | Noticed an ogre mage
  5446 | D:7      | Noticed a yaktaur
  5452 | D:7      | Found a deep blue altar of Sif Muna.
  5599 | D:7      | Found a stormy altar of Qazlal.
  5605 | D:7      | Found a blossoming altar of Fedhas.
  5647 | D:7      | Found a staircase to the Ecumenical Temple.
  5820 | D:7      | Reached skill level 10 in Axes
  6003 | D:8      | Received a gift from Okawaru
  6117 | D:8      | Gained mutation: Your flesh is heat resistant. (rF+) [mutagenic meat]
  6118 | D:8      | Gained mutation: You are frail. (-10% HP) [mutagenic meat]
  6120 | D:8      | Lost mutation: Your flesh is heat resistant. (rF+) [mutagenic meat]
  6128 | D:8      | Reached XP level 10. HP: 45/79 MP: 5/12
  6306 | D:8      | Noticed Gastronok
  6569 | D:8      | Got a fine ring mail
  6711 | D:9      | Reached ***** piety under Okawaru
  6757 | D:9      | Found a staircase to the Lair.
  7084 | D:9      | Identified the +5 ring mail "Laexij" {-Cast rElec rF+ SInv} (You found it on level 8 of the Dungeon)
  7158 | D:9      | Noticed a two-headed ogre
  7177 | D:9      | Killed a two-headed ogre
  7177 | D:9      | Reached skill level 11 in Axes
  7177 | D:9      | Reached skill level 5 in Invocations
  7808 | D:9      | Noticed a cyclops
  7817 | D:9      | Killed a cyclops
  7817 | D:9      | Received a gift from Okawaru
  7817 | D:9      | Reached skill level 5 in Dodging
  7817 | D:9      | Reached XP level 11. HP: 25/87 MP: 11/14
  8310 | D:10     | Entered Level 10 of the Dungeon
  8395 | D:10     | Found a shimmering altar of Xom.
  8958 | D:11     | Noticed Erica
  8963 | D:11     | Killed Erica
  9215 | D:11     | Reached skill level 12 in Axes
  9231 | D:11     | Noticed Urug
  9247 | D:11     | Killed Urug
  9248 | D:11     | Noticed Fannar
  9279 | D:11     | Killed Fannar
  9500 | D:11     | Received a gift from Okawaru
  9754 | D:11     | Noticed an unseen horror
  9765 | D:11     | Noticed a purple ugly thing
  9772 | D:11     | Killed an unseen horror
  9781 | D:11     | Killed a purple ugly thing
  9785 | D:11     | Gained mutation: You are somewhat resistant to further mutation. [mutagenic meat]
  9968 | D:12     | Reached skill level 10 in Fighting
  9985 | D:12     | Found a staircase to the Orcish Mines.
 10005 | D:12     | Noticed an unseen horror
 10015 | D:12     | Killed an unseen horror
 10015 | D:12     | Reached skill level 10 in Shields
 10042 | D:12     | Reached skill level 13 in Axes
 10120 | D:12     | Reached XP level 12. HP: 84/95 MP: 16/16
 10199 | D:12     | Reached skill level 10 in Armour
 10261 | D:12     | Noticed a six-headed hydra
 10474 | D:12     | Killed a five-headed hydra
 11219 | D:13     | Gained mutation: Armour fits poorly on your strangely shaped body. [mutagenic meat]
 11244 | D:13     | Lost mutation: You are frail. (-10% HP) [potion of mutation]
 11244 | D:13     | Lost mutation: Armour fits poorly on your strangely shaped body. [potion of mutation]
 11244 | D:13     | Lost mutation: You are somewhat resistant to further mutation. [potion of mutation]
 11244 | D:13     | Gained mutation: You are clumsy. (Dex -2) [potion of mutation]
 11244 | D:13     | Gained mutation: You are occasionally teleported next to monsters. [potion of mutation]
 11244 | D:13     | Gained mutation: You have a pair of large horns on your head. [potion of mutation]
 11332 | D:13     | Found a gate to the Vaults.
 11332 | D:13     | Noticed a centaur warrior
 11332 | D:13     | Noticed a vault guard
 11332 | D:13     | Noticed a vault guard
 11332 | D:13     | Noticed a vault guard
 11336 | D:13     | Noticed an eight-headed hydra
 11354 | D:13     | Killed a centaur warrior
 11361 | D:13     | Killed a vault guard
 11373 | D:13     | Killed a vault guard
 11373 | D:13     | Received a gift from Okawaru
 11376 | D:13     | Killed a vault guard
 11538 | D:13     | Noticed a two-headed ogre
 11544 | D:13     | Killed a two-headed ogre
 11544 | D:13     | Reached ****** piety under Okawaru
 11544 | D:13     | Reached skill level 14 in Axes
 11587 | D:12     | Gained mutation: Your body sometimes deteriorates upon taking damage. [mutagenic meat]
 11588 | D:12     | Gained mutation: Your spells are a little easier to cast, but a little less powerful. [mutagenic meat]
 11772 | D:13     | Noticed a vault guard
 11798 | D:13     | Killed a vault guard
 11834 | D:13     | Noticed a seven-headed hydra
 11844 | D:13     | Killed a four-headed hydra
 11952 | D:13     | Noticed a two-headed ogre
 11962 | D:13     | Killed a two-headed ogre
 11997 | D:12     | Gained mutation: You are covered in fur. (AC +1) [mutagenic meat]
 11998 | D:12     | Gained mutation: Your flesh is heat resistant. (rF+) [mutagenic meat]
 12307 | D:13     | Reached XP level 13. HP: 85/116 MP: 16/18
 12314 | D:13     | Gained mutation: Your mind is acute. (Int +2) [mutagenic meat]
 12318 | D:13     | Gained mutation: You are partially covered in yellow scales. (AC +2) [mutagenic meat]
 12319 | D:13     | Lost mutation: You have a pair of large horns on your head. [mutagenic meat]
 12324 | D:13     | Found a glowing golden altar of the Shining One.
 12617 | D:14     | Got a faintly glowing spear
 12659 | D:14     | Identified the +6 spear of Fortitude {pain, Int+4 Stlth+} (You found it on level 14 of the Dungeon)
 12814 | D:14     | Lost mutation: Your mind is acute. (Int +2) [potion of mutation]
 12814 | D:14     | Lost mutation: Your flesh is heat resistant. (rF+) [potion of mutation]
 12814 | D:14     | Lost mutation: Your body sometimes deteriorates upon taking damage. [potion of mutation]
 12814 | D:14     | Gained mutation: Scrolls take you a little longer to read. [potion of mutation]
 12814 | D:14     | Gained mutation: Your system is resistant to poisons. (rPois) [potion of mutation]
 13041 | D:14     | Got a jewelled scarf
 13064 | D:14     | Identified the scarf "Cutaurab" {*Drain +Inv rN+ Slay+2} (You found it on level 14 of the Dungeon)
 13143 | D:14     | Found Fane's Assorted Antiques.
 13174 | D:14     | Got a twisted scale mail
 13219 | D:14     | Bought a brightly glowing chain mail for 218 gold pieces
 13219 | D:14     | Bought a glowing war axe for 149 gold pieces
 13219 | D:14     | Bought a scroll of identify for 46 gold pieces
 13219 | D:14     | Bought a glass ring for 115 gold pieces
 13219 | D:14     | Bought a glowing hand axe for 138 gold pieces
 13321 | D:14     | Identified the +6 scale mail "Riubadi" {Dex+9 Stlth-} (You found it on level 14 of the Dungeon)
 13323 | D:14     | Identified the +1 chain mail of Death Resistance {+Inv Dex+3 Slay-5} (You bought it in a shop on level 14 of the Dungeon)
 13650 | D:15     | Entered Level 15 of the Dungeon
 13658 | D:15     | Received a gift from Okawaru
 13658 | D:15     | Reached skill level 15 in Axes
 13853 | D:15     | Noticed Louise
 13853 | D:15     | Cast into level 3 of the Abyss (Louise)
 13955 | Abyss:4  | Noticed a starcursed mass
 14072 | Abyss:4  | Noticed a tentacled starspawn
 14080 | Abyss:4  | Killed a tentacled starspawn
 14091 | Abyss:4  | Found a shadowy altar of Dithmenos.
 14143 | Abyss:4  | Gained mutation: You are mostly covered in yellow scales. (AC +3) [a neqoxec]
 14189 | Abyss:4  | Noticed a kraken
 14253 | Abyss:4  | Killed a kraken
 14266 | Abyss:4  | Noticed a tentacled monstrosity
 14267 | Abyss:4  | Noticed an eidolon
 14273 | Abyss:4  | Paralysed by a hornet for 3 turns
 14275 | Abyss:4  | Killed from afar by an eidolon

Skill      XL: |  1  2  3  4  5  6  7  8  9 10 11 12 13 |
---------------+----------------------------------------+-----
Axes           | 3 4 5 6 7 8 10 11 13 14 15 | 15.5
Armour         | 4 5 6 7 8 9 10 11 | 11.7
Shields        | 4 5 6 8 9 10 11 | 11.8
Fighting       | 4 5 6 7 8 9 10 11 12 | 12.0
Invocations    | 2 4 5 6 8 9 |  9.0
Dodging        | 3 5 6 7 9 |  9.2

Action                   |  1- 3 |  4- 6 |  7- 9 | 10-12 | 13-15 || total
-------------------------+-------+-------+-------+-------+-------++-------
Melee: War axe           |   112 |   132 |    92 |       |    94 ||   430
       Headbutt          |    12 |    20 |    53 |   134 |    56 ||   275
       Broad axe         |       |       |   150 |   669 |   112 ||   931
       Scimitar          |       |       |       |     8 |     6 ||    14
       Spear             |       |       |       |       |     3 ||     3
Throw: Javelin           |       |       |       |     1 |       ||     1
Invok: Heroism           |       |       |       |    13 |     9 ||    22
 Abil: Stop Flying       |       |       |       |     1 |       ||     1
Evoke: Wand              |       |       |       |     2 |       ||     2
  Use: Scroll            |     2 |     4 |    10 |     6 |     5 ||    27
       Potion            |       |       |     2 |     3 |     9 ||    14
 Stab: Invisible         |       |       |       |       |     2 ||     2
  Eat: Chunk             |     1 |     5 |    30 |    28 |    11 ||    75
       Fruit             |       |       |       |     2 |     5 ||     7
Armor: Scale mail        |    47 |    61 |    70 |    24 |       ||   202
       Ring mail         |       |       |       |   120 |    54 ||   174
Dodge: Dodged            |    39 |    30 |    47 |   246 |   104 ||   466
       Deflected         |       |       |       |     9 |     7 ||    16
Block: Shield            |    58 |    77 |   128 |   364 |   107 ||   734
       Rpst.: Scimitar   |       |       |       |     1 |       ||     1
